 Dungeon Crawl Stone Soup version 0.32-a0-685-g93135e86f0 (webtiles) character file.

Game seed: 5740381125362302691

60 Griffin23 the Slasher (level 3, -3/33 HPs)
             Began as a Minotaur Berserker on Mar 12, 2024.
             Was a Believer of Trog.
             Slain by a black bear (5 damage)
             ... on level 2 of the Dungeon.
             The game lasted 00:05:02 (1667 turns).

Griffin23 the Slasher (Minotaur Berserker)          Turns: 1667, Time: 00:05:02

Health: -3/33      AC:  5    Str: 21    XL:     3   Next: 82%
Magic:  2/2        EV: 11    Int:  4    God:    Trog [**....]
Gold:   163        SH:  0    Dex: 11    Spells: 2/2 levels left

rFire   . . .        a - +0 falchion
rCold   . . .        (no shield)
rNeg    . . .        k - +0 ring mail
rPois   .            (helmet restricted)
rElec   .            (no cloak)
rCorr   .            (no gloves)
SInv    .            (no boots)
Will    ++...        (no amulet)
Stlth   +            (no ring)
HPRegen 1.25/turn    (no ring)
MPRegen 0.08/turn

%: no passive effects
@: strong-willed, regenerating
A: horns 2, retaliatory headbutt
a: Renounce Religion, Berserk, Trog's Hand


You were on level 2 of the Dungeon.
You worshipped Trog.
Trog was pleased with you.
You visited 1 branch of the dungeon, and saw 3 of its levels.

You collected 163 gold pieces.

Inventory:

Hand Weapons
 a - a +0 falchion (weapon)
Armour
 b - a +0 animal skin
 k - a +0 ring mail (worn)
Jewellery
 f - a +6 ring of intelligence
 g - an amulet of magic regeneration
 i - a ring of protection from fire
Scrolls
 d - 5 scrolls of identify {unknown}
 h - 3 scrolls of brand weapon {unknown}
 l - a scroll of teleportation {unknown}
Potions
 c - a potion of might {unknown}
 e - 2 potions of ambrosia {unknown}
 j - a potion of degeneration {unknown}
 m - a potion of attraction {unknown}
 n - a potion of heal wounds {unknown}


   Skills:
 * Level 4.3 Fighting
 * Level 4.7 Long Blades
 * Level 2.8 Armour
 - Level 2.3 Dodging
 * Level 0.7 Stealth


You had 2 spell levels left.
You didn't know any spells.
Your spell library was empty.

Dungeon Overview and Level Annotations

Branches:
Dungeon (3/15)

Altars:
Uskayaw

Shops:
D:1 =(::


Innate Abilities, Weirdness & Mutations

You have a pair of horns on your head.
You reflexively headbutt those who attack you in melee.


Message History

You feel sick. The black bear barely misses you.
The black bear closely misses you.
The black bear claws you but does no damage.
You feel sick.
You feel sick.
You feel sick.
You are no longer poisoned.
The black bear closely misses you. The black bear claws you.
* * * LOW HITPOINT WARNING * * *
The black bear closely misses you.
The black bear bites you but does no damage.
The black bear claws you but does no damage.
The black bear closely misses you.
You feel the effects of Trog's Hand fading.
The black bear attacks as it pursues you!
The black bear bites you.
* * * LOW HITPOINT WARNING * * *
The black bear claws you.
* * * LOW HITPOINT WARNING * * *
The black bear closely misses you.
You hit the black bear.
The black bear is severely wounded.
Your skin stops crawling.
You feel less strong-willed. The black bear bites you.
* * * LOW HITPOINT WARNING * * *
The black bear barely misses you. The black bear claws you.
* * * LOW HITPOINT WARNING * * *
Your skin crawls.
You feel strong-willed. The black bear barely misses you.
The black bear misses you. The black bear claws you.
* * * LOW HITPOINT WARNING * * *
The black bear goes berserk!
The black bear rages.
The black bear misses you. The black bear claws you.
* * * LOW HITPOINT WARNING * * *
The black bear claws you.
* * * LOW HITPOINT WARNING * * *
The black bear bites you.
You die...

.......#...##.##
##...........#.##
###...##........#
###...###.......#
..........#.._..#####
###.................#
.##..######.........#
###..# ###..h....# #
#..###### #...@...# #
#.......# #.......# #
#.#####.# #.......#
###.# #.# #.......###
....## #.# #.........#
.....####.######<####.#
.#...............# #.#
.......##.######## #.#
.......##.# #.#


You could see a black bear (berserk).

Vanquished Creatures
  An adder (D:3)
  2 dart slugs (D:1)
  A ribbon worm (D:2)
  4 ball pythons
  5 endoplasms
  A giant cockroach (D:1)
  8 goblins
  5 hobgoblins
  7 bats
  4 frilled lizards
  2 kobolds
  4 rats (D:1)
44 creatures vanquished.

Notes
Turn   | Place    | Note
-------+----------+-------------------------------------------
     0 | D:1      | Griffin23 the Minotaur Berserker began the quest for the
                  | Orb.
     0 | D:1      | Reached XP level 1. HP: 19/19 MP: 0/0
    76 | D:1      | Found Hesierch's Jewellery Shop.
    93 | D:1      | Reached XP level 2. HP: 27/27 MP: 1/1
   280 | D:1      | Found Run Noci's Weapon Shoppe.
   367 | D:1      | Found Jaerr's Book Shoppe.
   399 | D:1      | Found Mabb's Book Boutique.
   713 | D:2      | Reached XP level 3. HP: 32/33 MP: 2/2
   841 | D:2      | Found a hide-covered altar of Uskayaw.
  1171 | D:2      | Reached ** piety under Trog
  1340 | D:2      | Identified the +6 short sword of Watchfulness {flame, rPois
                  | rC++ Will- SInv}
  1637 | D:3      | Noticed a black bear
  1645 | D:2      | HP: 1/33 [black bear (1)]
  1667 | D:2      | Slain by a black bear

Illustrated notes

Levels and vault maps discovered:
D:1:      lemuel_arrival_broad_hall, layout_basic, serial_shops,
          nicolae_shop_window_shopping, nicolae_shop_tiny_statue_garden, shop,
          nicolae_shop_bloodbath_and_beyond, minmay_statues_item, minmay_tripent
D:2:      kennysheep_the_goblin_king, layout_loops_ring, basic_altar
D:3:      layout_loops_ring, mainiacjoe_overflow_alcove_4,
          mainiacjoe_overflow_chevrons, serial_shops, shop,
          kennysheep_small_spiral

Skill      XL: |  1  2 |
---------------+-------+-----
Long Blades    | 4 |  4.7
Fighting       | 4 |  4.3
Armour         | |  2.8
Dodging        | |  2.3
Stealth        | |  0.7

Action                     || total
---------------------------++-------
  Melee: Falchion          ||    82
         Headbutt          ||    12
 Invoke: Trog's Hand       ||     2
         Berserk           ||     1
   Stab: Sleeping          ||     3
 Armour: Animal skin       ||    40
         Ring mail         ||    29
  Dodge: Dodged            ||    86

Table legend: (Time is in decaauts)
 A = Elapsed time spent in this place.
 B = Non-inter-level travel time spent in this place.
 C = Inter-level travel time spent in this place.
 D = Time resting spent in this place.
 E = Time spent auto-exploring this place.
 F = Levels seen in this place.
 G = Mean time per level.
                   A        B        C        D        E       F      G
               +--------+--------+--------+--------+--------+-----+--------+
         Total |   1688 |   1688 |      0 |     52 |   1195 |   3 |  562.7 |
       Dungeon |   1688 |   1688 |      0 |     52 |   1195 |   3 |  562.7 |
               +--------+--------+--------+--------+--------+-----+--------+

Top non-repeatable levels by time:
     D:2: 888 daAuts
     D:1: 664 daAuts
     D:3: 135 daAuts
